 Dungeon Crawl Stone Soup version 0.24.0-13-gcf9b319 (webtiles) character file.

Game seed: 13573718622357806511, levelgen mode: deterministic

93 Bronimir the Charmwright (level 4, -3/34 HPs)
             Began as a Barachi Skald on Apr 1, 2020.
             Slain by a gnoll
             ... wielding a +0 spear
              (8 damage)
             ... on level 2 of the Dungeon.
             The game lasted 00:03:43 (1571 turns).

Bronimir the Charmwright (Barachi Skald)            Turns: 1571, Time: 00:03:43

Health: -3/34      AC:  3    Str: 13    XL:     4   Next: 62%
Magic:  3/7        EV: 12    Int: 14    God:
Gold:   50         SH:  0    Dex: 11    Spells: 2/7 levels left

rFire    . . .     SeeInvis .   a - +0 falchion
rCold    . . .     Gourm    .   (no shield)
rNeg     . . .     Faith    .   h - +0 leather armour
rPois    .         Spirit   .   (no helmet)
rElec    .         Reflect  .   (no cloak)
rCorr    .         Harm     .   (no gloves)
MR       .....                  (no boots)
Stlth    +.........             (no amulet)
HPRegen  0.11/turn              (no ring)
MPRegen  0.10/turn              (no ring)

@: shrouded, infused (expiring), can't hop, slow
A: +LOS, swims, slowness 1, strong legs 1
a: Hop


You were on level 2 of the Dungeon.
You were not hungry.

You visited 1 branch of the dungeon, and saw 2 of its levels.

You collected 50 gold pieces.

Inventory:

Hand Weapons
 a - a +0 falchion (weapon)
 b - a +0 hunting sling
 j - a +0 hand axe
Missiles
 c - 8 boomerangs of dispersal (quivered)
 g - 7 stones
 k - 47 bolts
 u - 30 arrows
 v - 21 poisoned darts
Armour
 h - a +0 leather armour (worn)
 x - a +0 ring mail
Jewellery
 t - an uncursed ring of see invisible {unknown}
Wands
 y - a wand of clouds (4)
Scrolls
 f - 2 scrolls of teleportation {unknown}
 i - a scroll of random uselessness {unknown}
 l - 2 scrolls of remove curse {unknown}
 m - 3 scrolls of enchant weapon {unknown}
 n - 3 scrolls of magic mapping {unknown}
 o - 2 scrolls of fear {unknown}
 q - 2 scrolls of identify {unknown}
 r - 2 scrolls of enchant armour {unknown}
Potions
 e - 3 potions of curing
 p - a potion of magic {unknown}
 s - 2 potions of mutation {unknown}
 w - a potion of degeneration {unknown}
 A - a potion of heal wounds {unknown}
Comestibles
 d - 2 rations
 z - a chunk of flesh


   Skills:
 + Level 2.6 Fighting
 * Level 3.1 Long Blades
 + Level 2.5 Slings
 * Level 1.6 Armour
 + Level 2.3 Dodging
 * Level 2.4 Spellcasting
 * Level 3.9 Charms


You had 2 spell levels left.
You knew the following spells:

 Your Spells              Type           Power        Failure   Level  Hunger
a - Infusion              Chrm           ##..         6%          1    #......
b - Song of Slaying       Chrm           ##......     9%          2    ###....
c - Shroud of Golubria    Chrm/Tloc      #.....       21%         2    ###....

Your spell library contained the following spells:

 Spells                   Type           Power        Failure   Level  Hunger
 Regeneration             Chrm/Necr      #.........   36%         3    ###....
 Spectral Weapon          Hex/Chrm       #.......     36%         3    ###....


Dungeon Overview and Level Annotations

Branches:
Dungeon (2/15)

Altars:
Sif Muna
Zin


Innate Abilities, Weirdness & Mutations

Shadows flee at your approach. (+LOS)
You can swim through water.
You cover ground slowly.
You can hop short distances.


Message History

a - a +0 falchion (weapon)
The gnoll barely misses you.
Your shroud bends the gnoll's attack away!
The gnoll hits you but does no damage. The gnoll closely misses you.
You hit the gnoll.
You kill the gnoll!
The gnoll hits you with a +0 spear!
* * * LOW HITPOINT WARNING * * *
You barely miss the gnoll.
Your magical infusion is running out.
The gnoll barely misses you.
You barely miss the gnoll. The gnoll misses you.
You hit the gnoll.
The gnoll is moderately wounded.
The gnoll hits you with a +0 spear.
* * * LOW HITPOINT WARNING * * *
You barely miss the gnoll.
The gnoll is moderately wounded.
The gnoll hits you with a +0 spear!
You die...

#.##.# #...... #.(#(#
##.##### ##.#.# ###.......
#########...###......#####
#.........>#....###..##
#............#### #...#
#.........(### #.#.####
#.......)g## ####.._....
#.......†@# #..).#.####
#########.## ###.#.#..# #
#..###...#.#.## #
###..##..###.#.# #
#........# #.#.# ##
#........# #.#.####.
##############.#.##...
###................#...#
#_'...................##


You could see a gnoll.

Vanquished Creatures
  2 gnolls (D:2)
  3 adders (D:2)
  A worm (D:2)
  A dart slug (D:1)
  An orc (D:2)
  8 bats
  A giant cockroach (D:1)
  6 goblins
  6 hobgoblins
  A quokka (D:2)
  3 frilled lizards
  2 kobolds
  6 rats
41 creatures vanquished.

Notes
Turn   | Place    | Note
-------+----------+-------------------------------------------
     0 | D:1      | Bronimir the Barachi Skald began the quest for the Orb.
     0 | D:1      | Reached XP level 1. HP: 17/17 MP: 3/3
   246 | D:1      | Reached XP level 2. HP: 23/23 MP: 3/5
   746 | D:2      | Reached XP level 3. HP: 28/28 MP: 4/6
   796 | D:2      | Reached skill level 1 in Slings
   938 | D:2      | Learned a level 2 spell: Song of Slaying
  1211 | D:2      | Learned a level 2 spell: Shroud of Golubria
  1224 | D:2      | Reached XP level 4. HP: 34/34 MP: 7/7
  1299 | D:2      | Found a glowing silver altar of Zin.
  1459 | D:2      | Found a shimmering blue altar of Sif Muna.
  1571 | D:2      | Slain by a gnoll

Levels and vault maps discovered:
D:1:      lemuel_arrival_lava_pool, layout_loops_ring
D:2:      layout_rooms, lemuel_crystal_altar, lemuel_blue_sif_altar, tgw_trog,
          minmay_misc_feat_pillars

Skill      XL: |  1  2  3  4 |
---------------+-------------+-----
Slings         | 1 2 |  2.5
Long Blades    | 3 |  3.1
Fighting       | |  2.6
Armour         | |  1.6
Dodging        | |  2.3
Spellcasting   | |  2.4
Charms         | |  3.9

Action                   |  1- 3 |  4- 6 || total
-------------------------+-------+-------++-------
Melee: Falchion          |    16 |     5 ||    21
 Fire: Hunting sling     |   104 |    45 ||   149
 Cast: Infusion          |     6 |     4 ||    10
       Shroud of Golubri |       |     1 ||     1
 Abil: Hop               |       |     1 ||     1
  Use: Potion            |     1 |       ||     1
  Eat: Chunk             |     1 |     2 ||     3
Armor: Leather armour    |    26 |     4 ||    30
Dodge: Dodged            |    56 |    16 ||    72
       Rpst.: Falchion   |     2 |       ||     2
